 Dungeon Crawl Stone Soup version 0.16-a0-253-g996e5b4 (webtiles) character file.

2035 PolkaDot the Transmogrifier (level 9, -4/76 HPs)
             Began as a Yellow Draconian Transmuter on Aug 23, 2014.
             Was a Follower of Okawaru.
             Slain by an orc warrior
             ... wielding a +1 dire flail of protection
              (26 damage)
             ... on Level 8 of the Dungeon.
             The game lasted 00:27:53 (7992 turns).

PolkaDot the Transmogrifier (DrTm)                  Turns: 7992, Time: 00:27:53

HP  -4/76        AC  6     Str 13      XL: 9   Next:  4%
MP  14/14        EV 10     Int 14      God: Okawaru [*.....]
Gold 304         SH  0     Dex 14      Spells:  3 memorised,  4 levels left

rFire  . . .     SeeInvis .       - Unarmed
rCold  + + +     Clarity  .     (armour unavailable)
rNeg   . . .     rCorr    .     (shield currently unavailable)
rPois  +         rRot     .     (helmet currently unavailable)
rElec  .         Spirit   .     k - melded +2 cloak
SustAb .         Warding  .     A - melded +0 pair of gloves
rMut   .         Stasis   .     (boots currently unavailable)
Gourm  .                        (no amulet)
MR     .....                    (no ring)
                                u - ring of protection from fire

@: ice-form, not resistant to hostile enchantments, very unstealthy
A: (spit acid), (acid resistance), unfitting armour, (cold-blooded), AC +7
a: End Transformation, Heroism, Renounce Religion


You were on level 8 of the Dungeon.
You worshipped Okawaru.
Okawaru was aware of your devotion.
You were not hungry.
You were a creature of crystalline ice.
You visited 2 branches of the dungeon, and saw 9 of its levels.

You collected 416 gold pieces.
You spent 112 gold pieces at shops.

Inventory:

Missiles
 b - 128 arrows
Armour
 k - a +2 cloak (melded)
 A - a +0 pair of gloves (melded)
Magical devices
 i - a wand of random effects (13)
 n - a wand of magic darts (16)
 p - a wand of teleportation (7)
 w - a wand of slowing (2)
 C - a wand of confusion (11)
 I - a wand of frost (7)
Comestibles
 a - 6 bread rations
 q - 3 fruits
 x - 4 meat rations
 E - a slice of pizza
 F - a royal jelly
Scrolls
 c - a scroll of vulnerability {unknown}
 f - a scroll of enchant armour {unknown}
 h - 4 scrolls of amnesia {unknown}
 l - 2 scrolls of remove curse
 r - 3 scrolls of recharging
 s - 4 scrolls of teleportation {unknown}
 t - 3 scrolls of identify {unknown}
 v - a scroll of fear {unknown}
 y - 2 scrolls of magic mapping {unknown}
 z - a scroll of noise {unknown}
Jewellery
 u - a ring of protection from fire (left paw)
 D - an uncursed ring of fire {unknown}
 G - an uncursed ring of fire {unknown}
Potions
 e - a potion of heal wounds
 g - a potion of might
 j - a potion of brilliance {unknown}
 m - 2 potions of confusion {!q}
 o - a potion of cancellation
 B - a potion of restore abilities {unknown}
Books
 d - a book of Changes

   Spells                             Type                      Level
   *Beastly Appendage                 Transmutation                1
   Sticks to Snakes                   Transmutation                2
   *Spider Form                       Transmutation/Poison         3
   *Ice Form                          Ice/Transmutation            4
   Blade Hands                        Transmutation                5


   Skills:
 - Level 1.1 Fighting
 - Level 1.7 Dodging
 + Level 7.4 Unarmed Combat
 - Level 2.0 Spellcasting
 * Level 8.2 Transmutations
 + Level 5.4 Ice Magic


You had 4 spell levels left.
You knew the following spells:

 Your Spells              Type           Power        Failure   Level  Hunger
a - Beastly Appendage     Trmt           ###...       1%          1    ##.....
i - Ice Form              Ice/Trmt       ###.....     17%         4    #####..
s - Spider Form           Trmt/Pois      ##........   14%         3    ####...


Dungeon Overview and Level Annotations

Branches:
Dungeon (8/15)             Temple (1/1) D:5
   Lair: D:8-11

Altars:
Ashenzari
Cheibriados
Dithmenos
Elyvilon
Fedhas
Gozag
Kikubaaqudgha
Makhleb
Nemelex Xobeh
Okawaru
Qazlal
Sif Muna
Vehumet
Xom
Yredelemnul
Zin
The Shining One

Shops:
D:6 [


Innate Abilities, Weirdness & Mutations

((You can spit globs of acid.))
((You can corrode armour when you spit acid.))
((You are resistant to acid.))
((Your golden yellow scales are hard (AC +7).))
Your body does not fit into most forms of armour.
((Your cold-blooded metabolism reacts poorly to cold.))


Message History

You hit the orc warrior but do no damage.
The orc warrior is moderately wounded.
The orc warrior barely misses you.
You hit the orc warrior. You freeze the orc warrior.
The orc warrior is heavily wounded.
You hit the orc warrior but do no damage.
The orc warrior is heavily wounded.
The orc warrior hits you with a runed dire flail!
* * * LOW HITPOINT WARNING * * *
You hit the orc warrior but do no damage.
The orc warrior is heavily wounded.
The orc closely misses you.
The orc warrior hits you with a runed dire flail!!
* * * LOW HITPOINT WARNING * * *
An orc comes into view. It is wielding a war axe.
You hit the orc warrior but do no damage.
The orc warrior is heavily wounded.
The orc barely misses you. x2
The orc warrior hits you with a runed dire flail!!
You die...

. ... ##( .... ..... ..
.....#.#.# .. ..[
.#.#.# #o ..###..#.# #.
#.##...#.# ####.####
#.##...#.#
##...oo..###.##.....#
#....oY...##.##....####
#...................)..
##.......#........<##..
#########.#..#....##..
..(##.#....##.#
.................
#####.....#..#..
#.......#### #.....###


You could see an orc warrior and 3 orcs.

Vanquished Creatures
  A two-headed ogre (D:8)
  A steam dragon (D:7)
  5 ogres
  The ghost of casual the Covered, an average GrFi (D:4)
  2 giant frogs
  6 killer bees (D:7)
  A goliath beetle (D:6)
  3 iron imps (D:4)
  An orc priest (D:3)
  2 orc wizards (D:3)
  Crazy Yiuf (D:2)
  A black bear zombie (D:5)
  3 iguanas
  A giant frog skeleton (D:3)
  4 hounds
  2 worker ants
  An ogre zombie (D:6)
  A hound skeleton (D:6)
  4 gnolls (D:5)
  11 adders
  6 worms
  2 giant geckos
  8 orcs
  3 bat zombies
  5 giant cockroaches
  7 goblins
  11 hobgoblins
  19 kobolds
  2 quokkas
  2 ball pythons
  12 bats
  A giant gecko skeleton (D:6)
  7 giant newts
  A giant spore (D:7)
  A hobgoblin skeleton (D:6)
  2 jackals (D:1)
  A jackal skeleton (D:6)
  A jackal zombie (D:6)
  A kobold zombie (D:6)
  A quokka zombie (D:7)
  19 rats
  A rat skeleton (D:5)
  A rat zombie (D:2)
  2 ballistomycetes (D:7)
168 creatures vanquished.

Notes
Turn   | Place    | Note
--------------------------------------------------------------
     0 | D:1      | PolkaDot, the Draconian Transmuter, began the quest for the Orb.
     0 | D:1      | Reached XP level 1. HP: 16/16 MP: 3/3
   167 | D:1      | Reached XP level 2. HP: 15/23 MP: 2/4
   561 | D:1      | Reached XP level 3. HP: 26/28 MP: 6/6
   566 | D:1      | Learned a level 3 spell: Spider Form
   814 | D:2      | Noticed Crazy Yiuf
   826 | D:2      | Killed Crazy Yiuf
   826 | D:2      | Reached skill level 4 in Unarmed Combat
  1198 | D:2      | Reached XP level 4. HP: 35/35 MP: 0/7
  1229 | D:2      | Found a shadowy altar of Dithmenos.
  1431 | D:2      | Found an ancient bone altar of Kikubaaqudgha.
  2042 | D:2      | Reached XP level 5. HP: 40/40 MP: 9/9
  2048 | D:2      | Learned a level 4 spell: Ice Form
  2497 | D:3      | Reached skill level 5 in Unarmed Combat
  2504 | D:3      | Reached skill level 1 in Ice Magic
  3064 | D:3      | Reached XP level 6. HP: 30/47 MP: 8/10
  4219 | D:4      | Reached skill level 5 in Transmutations
  4219 | D:4      | Your scales start taking on a golden yellow colour.
  4219 | D:4      | Reached XP level 7. HP: 52/52 MP: 10/12
  4436 | D:4      | Noticed casual's ghost (average GrFi)
  4460 | D:4      | Killed casual's ghost
  4460 | D:4      | Reached skill level 6 in Unarmed Combat
  4599 | D:4      | Found a burning altar of Makhleb.
  4775 | D:5      | Entered Level 5 of the Dungeon
  4889 | D:5      | Found a staircase to the Ecumenical Temple.
  4908 | Temple   | Entered the Ecumenical Temple
  5096 | Temple   | Became a worshipper of Warmaster Okawaru
  5747 | D:5      | Reached XP level 8. HP: 45/59 MP: 13/13
  6275 | D:6      | Found Tianioha's Antique Armour Shoppe.
  6305 | D:6      | Bought an embroidered cloak for 112 gold pieces
  6590 | D:6      | Reached skill level 7 in Transmutations
  6847 | D:6      | Found a sparkling altar of Nemelex Xobeh.
  6977 | D:6      | Found a glowing golden altar of the Shining One.
  7415 | D:7      | Acquired Okawaru's first power
  7670 | D:7      | Reached skill level 5 in Ice Magic
  7678 | D:7      | Reached skill level 8 in Transmutations
  7925 | D:7      | Found a basalt altar of Yredelemnul.
  7951 | D:8      | Noticed a two-headed ogre
  7956 | D:8      | Killed a two-headed ogre
  7956 | D:8      | Reached XP level 9. HP: 46/64 MP: 9/14
  7992 | D:8      | Slain by an orc warrior

Action                   |  1- 3 |  4- 6 |  7- 9 || total
-------------------------+-------+-------+-------++-------
Melee: Unarmed           |   114 |   179 |   325 ||   618
 Cast: Beastly Appendage |    13 |     9 |       ||    22
       Spider Form       |     3 |     7 |     2 ||    12
       Ice Form          |       |       |     9 ||     9
Invok: Heroism           |       |       |     1 ||     1
 Abil: Spit Acid         |       |       |     7 ||     7
Evoke: Wand              |       |     4 |     2 ||     6
  Use: Potion            |       |     1 |     6 ||     7
       Scroll            |       |       |     2 ||     2
 Stab: Sleeping          |       |     1 |       ||     1
  Eat: Chunk             |     1 |    12 |    13 ||    26
       Bread ration      |       |       |     1 ||     1
       Fruit             |       |       |     1 ||     1
